 Dungeon Crawl Stone Soup version 0.27-a0-1232-gc6a4cbde82 (webtiles) character file.

Game seed: 16935577929814498843

459 Gwenloh the Covert (level 7, -1/34 HPs)
             Began as a Vine Stalker Brigand on June 9, 2021.
             Slain by Duvessa
             ... wielding a +0 rapier
              (13 damage)
             ... on level 4 of the Dungeon.
             The game lasted 00:19:08 (4348 turns).

Gwenloh the Covert (Vine Stalker Brigand)           Turns: 4348, Time: 00:19:09

Health: -1/34      AC:  6    Str: 14    XL:     7   Next: 6%
Magic:  0/8        EV: 11    Int: 11    God:
Gold:   242        SH:  0    Dex: 17    Spells: 6/6 levels left

rFire    . . .     SeeInvis .   a - +2 dagger (flame)
rCold    . . .     Faith    .   (no shield)
rNeg     . . .     Spirit   +   p - +0 leather armour
rPois    .         Reflect  .   (no helmet)
rElec    .         Harm     .   c - +0 cloak
rCorr    .         Rampage  .   f - +0 pair of gloves
Will     .....                  n - +0 pair of boots
Stlth    ++++......             (no amulet)
HPRegen  1.11/turn              (no ring)
MPRegen  0.11/turn              (no ring)

@: no status effects
A: fangs 2, regeneration 1, magic shield, antimagic bite, no potion heal 2
a: no special abilities


You were on level 4 of the Dungeon.
You visited 1 branch of the dungeon, and saw 4 of its levels.

You collected 242 gold pieces.

Inventory:

Hand Weapons
 a - a +2 dagger of flaming (weapon)
 s - a +2 dagger
Missiles
 d - 11 poisoned darts (quivered)
 l - 8 boomerangs
Armour
 b - a +0 robe
 c - a +0 cloak (worn)
 f - a +0 pair of gloves (worn)
 n - a +0 pair of boots (worn)
 p - a +0 leather armour (worn)
Jewellery
 x - a ring of resist corrosion
 y - a +4 ring of protection
Wands
 z - a wand of digging (6)
Scrolls
 g - a scroll of noise {unknown}
 h - a scroll of fog {unknown}
 j - 2 scrolls of magic mapping {unknown}
 k - a scroll of blinking {unknown}
 m - a scroll of summoning {unknown}
 o - a scroll of identify {unknown}
 r - a scroll of teleportation {unknown}
 u - a scroll of brand weapon {unknown}
Potions
 i - 2 potions of attraction {unknown}
 q - a potion of flight {unknown}
 t - a potion of degeneration {unknown}
 v - a potion of invisibility {unknown}
 w - 2 potions of lignification {unknown}


   Skills:
 - Level 1.7 Fighting
 + Level 4.5 Short Blades
 - Level 1.7 Throwing
 - Level 0.7 Dodging
 + Level 8.6 Stealth


You had 6 spell levels left.
You didn't know any spells.
Your spell library contained the following spells:

 Spells                   Type           Power      Damage    Failure   Level
 Sandblast                Erth           0%         2d4       41%         1
 Passwall                 Tmut/Erth      0%         N/A       56%         2
 Stone Arrow              Conj/Erth      0%         3d7       80%         3
 Petrify                  Tmut/Erth      0%         N/A       99%         4
 Lee's Rapid Deconstruct  Erth           0%         3d5*      100%        5


Dungeon Overview and Level Annotations

Branches:
Dungeon (4/15)
 Temple: D:4-7

Altars:
Okawaru
Qazlal

Shops:
D:1 [

Annotations:
D:4 Duvessa


Innate Abilities, Weirdness & Mutations

You have extremely sharp teeth.
Your natural rate of healing is unusually fast.
When hurt, damage is shared between your health and your magic reserves.
Your bite disrupts and absorbs the magic of your enemies.
Potions cannot restore your health.


Message History

You completely miss the quokka.
The quokka is almost dead.
The quokka bites you but does no damage.
You hit the quokka. You burn the quokka.
You kill the quokka!
You start resting.
Magic restored.
Duvessa, Sister of Dowan comes into view.
She is wielding a +0 rapier.
There is an open door here.
The helpless Dowan fails to defend himself.
You perforate Dowan like a sieve!!! You burn Dowan.
You kill Dowan!
Duvessa screams, "No!
How DARE you!"
Duvessa goes berserk!
You have reached level 7!
Throw: 2 darts (curare)
Press: ? - help, Q - select action, (/) - cycle Shift-Dir - straight line, f - Duvessa
Aim: Duvessa, wielding a +0 rapier and wearing a +0 ring mail (berserk, 67% to hit)
You throw a curare-tipped dart.
The curare-tipped dart barely misses Duvessa.
Duvessa hits you with a +0 rapier! Duvessa hits you with a +0 rapier.
Duvessa completely misses you.
There is an open door here.
Throw: dart (curare)
Press: ? - help, Q - select action, (/) - cycle Shift-Dir - straight line, f/p - Duvessa
Aim: Duvessa, wielding a +0 rapier and wearing a +0 ring mail (berserk, 67% to hit)
You throw a curare-tipped dart.
The curare-tipped dart barely misses Duvessa.
Duvessa hits you with a +0 rapier.
Duvessa rages.
Duvessa hits you with a +0 rapier!
Duvessa rages.
Duvessa closely misses you. Duvessa hits you with a +0 rapier!
* * * LOW HITPOINT WARNING * * *
Duvessa barely misses you.
Duvessa rages.
Duvessa hits you with a +0 rapier!
You die...

.#######.###.#.......############
########.###.###.................
.......#.......'.................
.......#.......#.................
.......#.......#.................
#####'##########.................
.....................#######'##..
.....................+........#..
................@....#........#..
................e....#####..###..
#.....###'###...........##..#####
#.....#.....#...........#....(..#
#.....#.....#...........#.......#
#.....#..##'#...........######'##
....###..#......#######....###..#
....#....#......#...).#....#....#
....#(...'......'....(#....#....#


You could see Duvessa (berserk).

Vanquished Creatures
  2 scorpions
  Dowan (D:4)
  2 hounds (D:4)
  A jelly (D:4)
  2 orc priests
  4 adders (D:3)
  A white imp (D:4)
  2 worms (D:2)
  2 dart slugs
  10 orcs
  7 ball pythons
  3 bats
  6 endoplasms
  A giant cockroach (D:2)
  6 goblins
  8 hobgoblins
  5 jackals
  8 kobolds
  7 quokkas
  2 frilled lizards (D:1)
  12 rats
92 creatures vanquished.

Vanquished Creatures (others)
  A fungus (D:2)
  11 plants (D:2)
12 creatures vanquished.

Grand Total: 104 creatures vanquished

Notes
Turn   | Place    | Note
-------+----------+-------------------------------------------
     0 | D:1      | Gwenloh the Vine Stalker Brigand began the quest for the
                  | Orb.
     0 | D:1      | Reached XP level 1. HP: 11/11 MP: 2/2
    93 | D:1      | Reached skill level 5 in Stealth
   303 | D:1      | Found Wipnyoth's Antique Armour Shop.
   306 | D:1      | Reached XP level 2. HP: 15/15 MP: 3/3
   614 | D:1      | Reached XP level 3. HP: 17/18 MP: 4/4
  1153 | D:2      | Found a faded altar of an unknown god.
  1364 | D:2      | Reached skill level 6 in Stealth
  1519 | D:2      | Found a stormy altar of Qazlal.
  2035 | D:2      | Gained mutation: Your natural rate of healing is unusually
                  | fast. [Vine Stalker growth]
  2035 | D:2      | Reached XP level 4. HP: 23/23 MP: 5/5
  2363 | D:4      | Noticed a scorpion
  2681 | D:3      | Found an iron altar of Okawaru.
  2689 | D:3      | Reached skill level 7 in Stealth
  2693 | D:3      | Reached XP level 5. HP: 26/26 MP: 6/6
  3691 | D:3      | Reached XP level 6. HP: 21/30 MP: 4/7
  3695 | D:3      | Reached skill level 8 in Stealth
  4254 | D:4      | Noticed Dowan
  4330 | D:4      | Noticed Duvessa
  4335 | D:4      | Killed Dowan
  4336 | D:4      | Reached XP level 7. HP: 34/34 MP: 8/8
  4348 | D:4      | Slain by Duvessa

Illustrated notes

Levels and vault maps discovered:
D:1:      dpeg_chamrin_arrival_tetris, layout_loops_ring, serial_shops,
          nicolae_shop_overgrown_old_shop
D:2:      layout_basic, shapermc_ecumenical_altar_mp_ritualfount, basic_altar,
          minmay_box_of_dots
D:3:      layout_basic, okawaru_metal_pillars_1_2,
          chequers_serial_rivers_micro_e, minivault_24, grunt_decor_resistance
D:4:      layout_gridville, grunt_ministairs_12, eino_curves_04, uniq_duvessa

Skill      XL: |  1  2  3  4  5  6 |
---------------+-------------------+-----
Stealth        | 5 6 7 8 |  8.6
Short Blades   | 2 3 4 |  4.5
Fighting       | |  1.7
Throwing       | |  1.7
Dodging        | |  0.7

Action                   |  1- 3 |  4- 6 |  7- 9 || total
-------------------------+-------+-------+-------++-------
Melee: Dagger            |    93 |   145 |       ||   238
       Bite              |    16 |    37 |       ||    53
Throw: Boomerang         |    10 |    12 |       ||    22
       Dart              |     2 |    17 |     2 ||    21
 Stab: Sleeping          |    17 |    10 |       ||    27
Armor: Robe              |    10 |       |       ||    10
       Leather armour    |     5 |    32 |       ||    37
Dodge: Dodged            |    41 |    56 |     3 ||   100

Table legend: (Time is in decaauts)
 A = Elapsed time spent in this place.
 B = Non-inter-level travel time spent in this place.
 C = Inter-level travel time spent in this place.
 D = Time resting spent in this place.
 E = Time spent auto-exploring this place.
 F = Levels seen in this place.
 G = Mean time per level.
                   A        B        C        D        E       F      G
               +--------+--------+--------+--------+--------+-----+--------+
         Total |   4321 |   4180 |    141 |    400 |   2334 |   4 | 1080.2 |
       Dungeon |   4321 |   4180 |    141 |    400 |   2334 |   4 | 1080.2 |
               +--------+--------+--------+--------+--------+-----+--------+

Top non-repeatable levels by time:
     D:1: 1182 daAuts
     D:3: 1072 daAuts
     D:4: 1062 daAuts
     D:2: 1004 daAuts
